AoeStats
← REI DELAS

Hideout

508667347Analyzed
1v1 RM · 10d ago on Sep 23, 2026· 61m 17s· 2 players
Game mode
Random Map
Map size
Tiny (2 player)
Population
200
Speed
Normal
Resources
Standard
Victory
Conquest
Starting age
Dark Age
Ending age
Imperial Age
RankedLock teamsTeams togetherTeam positionsShared explorationLock speedFull tech treeHidden civsTurbo modeCheats
Victory
Defeat
🇬🇧 Persians · United Kingdom
508
+16
🇵🇹 Spanish · Portugal
510
-16
richardholt1971
1:44 Loom
11:55 Feudal Age
13:01 Horse Collar
13:10 Double-Bit Axe
19:33 Scale Mail Armor
19:57 Padded Archer Armor
20:32 Fletching
25:39 Castle Age
23:43 Stone Mining
23:57 Gold Mining
25:31 Wheelbarrow
25:04 Arson
26:01 Forging
26:09 Pikeman
26:49 Squires
27:16 Scale Barding Armor
27:36 Husbandry
27:15 Light Cavalry
28:42 Heavy Plow
29:19 Bow Saw
30:43 Hand Cart
34:56 Gold Shaft Mining
37:19 Imperial Age
36:23 Kamandaran
36:39 Bloodlines
37:33 Iron Casting
37:53 Chain Mail Armor
37:59 Chain Barding Armor
38:42 Crop Rotation
39:23 Two-Man Saw
39:23 Stone Shaft Mining
39:21 Conscription
39:27 Leather Archer Armor
39:11 Bodkin Arrow
41:06 Blast Furnace
40:36 Plate Mail Armor
41:31 Plate Barding Armor
40:29 Halberdier
40:38 Crossbowman
41:47 Thumb Ring
42:51 Ring Archer Armor
42:20 Hussar
45:15 Elite War Elephant
46:07 Citadels
45:56 Murder Holes
46:23 Ballistics
46:14 Masonry
47:43 Chemistry
48:38 Hoardings
47:53 Town Watch
50:37 Architecture
60:37 Town Patrol
REI DELAS
11:10 Feudal Age
13:03 Wheelbarrow
12:24 Horse Collar
12:34 Double-Bit Axe
21:08 Gold Mining
21:09 Stone Mining
27:15 Castle Age
28:13 Hand Cart
31:50 Heavy Plow
32:39 Stone Shaft Mining
32:17 Bow Saw
37:05 Imperial Age
34:23 Town Watch
34:27 Loom
35:09 Scale Barding Armor
35:15 Forging
35:07 Scale Mail Armor
36:03 Town Patrol
37:23 Pikeman
38:03 Squires
37:49 Arson
39:36 Two-Man Saw
38:10 Halberdier
45:12 Cavalier
45:52 Husbandry
46:03 Bloodlines
45:13 Light Cavalry
46:50 Chain Barding Armor
47:06 Iron Casting
46:46 Chain Mail Armor
47:09 Paladin
53:00 Capped Ram
57:39 Plate Barding Armor
57:35 Plate Mail Armor
58:05 Blast Furnace
57:41 Ballistics
58:21 Chemistry
57:24 Elite Skirmisher
Connection lost

Rejoining the realm…

Still unreachable

The connection could not be restored.

Session expired

The server has moved on; the page needs a fresh start.